Map: Central Protocol

Players

MMA - Winner!

  • Race: Terran Terran

Nerchio

  • Race: Zerg Zerg
  • League: Grandmaster

Event: Homestory Cup XII

VOD

Have the link to the VOD?

Description

Time

  • Played on: Dec. 20, 2015, 10:02 a.m.
  • Length: 16:00

All games in this series

Show
View Real Time Build Order
Export as new Build Order

MMA Terran - Winner!

Build Orders: Reaper Expand, Bio Tank, Banshee Rush 

Get SALT Encoding   

  12  0:00  SCV  
  13  0:13  SCV  
  14  0:17  Supply Depot  
  14  0:25  SCV  
  15  0:39  SCV  
  15  0:41  Barracks  
  16  0:45  Refinery  
  16  0:51  SCV  
  17  1:03  SCV  
  18  1:15  SCV  
  19  1:27  Orbital Command  
  19  1:28  Reaper  
  20  1:40  Command Center  
  20  1:54  SCV  
  21  1:58  Supply Depot  
  21  2:00  Marine  
  22  2:06  SCV  
  22  2:08  Factory  
  23  2:12  Refinery  
  23  2:20  SCV  
  23  2:22  Barracks Reactor  
  24  2:32  SCV  
  25  2:44  SCV  
  26  2:53  Starport, Orbital Command  
  26  2:54  Factory Tech Lab  
  26  2:56  SCV  
  27  2:58  Marine  
  27  2:59  Marine  
  27  3:05  Bunker  
  29  3:08  SCV  
  30  3:18  SCV  
  31  3:20  SCV, Marine  
  31  3:21  Marine  
  34  3:31  SCV  
  34  3:32  SCV  
  35  3:37  Banshee, Cloaking Field  
  35  3:39  Supply Depot  
  35  3:40  Marine x2  
  40  3:41  Widow Mine  
  40  3:44  SCV  
  40  3:45  SCV  
  44  3:56  SCV  
  44  3:57  SCV  
  46  4:03  Supply Depot  
  46  4:08  SCV  
  46  4:09  SCV  
  48  4:14  Command Center  
  48  4:21  SCV x2  
  48  4:22  Banshee  
  46  4:33  SCV x2  
  45  4:45  SCV x2  
  47  4:50  Barracks Tech Lab  
  47  4:51  Factory Reactor  
  47  4:55  Barracks  
  47  4:57  SCV x2  
  47  4:58  Barracks  
  49  5:08  Engineering Bay  
  49  5:09  Engineering Bay  
  49  5:10  Stimpack, Marine  
  49  5:12  SCV x2  
  52  5:18  Refinery x2  
  52  5:19  Viking  
  54  5:26  SCV x2  
  54  5:27  Orbital Command  
  56  5:29  Marine  
  56  5:33  Supply Depot  
  57  5:38  Terran Infantry Weapons Level 1, SCV x2  
  57  5:39  Terran Infantry Armor Level 1  
  59  5:44  Siege Tank  
  62  5:50  SCV  
  62  5:51  SCV  
  62  5:52  Starport Reactor  
  62  5:53  Supply Depot  
  64  6:00  Marine x5  
  69  6:06  SCV x2  
  71  6:14  Orbital Command  
  71  6:16  Barracks x2  
  71  6:21  Marine x5  
  71  6:24  Supply Depot  
  76  6:31  Supply Depot  
  76  6:35  Siege Tank  
  76  6:36  Medivac x2  
  76  6:38  SCV x2  
  85  6:45  Marine x4  
  85  6:47  Marine  
  89  6:50  SCV x2  
  92  6:55  SCV  
  92  6:57  Armory  
  93  7:03  Marine x4  
  93  7:04  Marine  
  93  7:06  Medivac x2  
  93  7:07  SCV, Refinery  
  103  7:13  SCV  
  104  7:16  Siege Tank  
  104  7:17  Barracks Reactor x2, Combat Shields  
  107  7:24  Supply Depot, Refinery  
  107  7:25  Supply Depot  
  107  7:27  SCV x2  
  108  7:31  Marine  
  109  7:42  Supply Depot  
  109  7:43  Supply Depot  
  109  7:45  Marine x4  
  109  7:46  SCV x2  
  109  7:50  Siege Tank  
  118  7:52  Marine  
  118  7:55  Terran Infantry Weapons Level 2  
  118  7:56  Terran Infantry Armor Level 2  
  119  8:03  Marine x2  
  119  8:05  SCV x3  
  124  8:08  Medivac  
  124  8:09  Supply Depot, Orbital Command, Medivac  
  124  8:10  Supply Depot  
  128  8:17  SCV x2  
  128  8:18  Marine x4  
  131  8:20  Marine x3  
  131  8:21  Marine  
  127  8:28  Siege Tank  
  127  8:33  Marine  
  124  8:36  Marine x2  
  116  8:41  Marine  
  116  8:47  SCV x3  
  112  8:55  Marine x2  
  109  8:59  SCV, Marine x2  
  109  9:00  Siege Tank, Marine  
  118  9:03  SCV  
  118  9:07  Marine x2  
  118  9:08  Marine  
  122  9:13  Marauder, Marine  
  122  9:15  SCV x3  
  126  9:22  Supply Depot x2  
  126  9:24  Terran Vehicle Weapons Level 1  
  126  9:32  Siege Tank  
  126  9:35  Marauder  
  126  9:37  Marine x3  
  126  9:38  Marine  
  135  9:53  Liberator  
  135  9:55  Marine x2  
  135  9:56  Marauder  
  139  10:00  Barracks, Marine x2  
  139  10:05  Supply Depot  
  140  10:10  Medivac  
  140  10:11  Siege Tank  
  140  10:13  Marine x2  
  145  10:17  Marauder  
  145  10:21  Marine x4  
  149  10:24  Supply Depot  
  149  10:26  SCV x2  
  153  10:31  Marine x2  
  153  10:32  SCV  
  146  10:38  SCV  
  146  10:39  Marauder, Marine x4  
  146  10:42  SCV  
  138  10:43  Siege Tank  
  138  10:48  Marine  
  138  10:49  Marine  
  135  10:56  SCV x2, Marine x2  
  135  10:57  Marine x2  
  127  11:00  Marine  
  124  11:08  Marine x2  
  124  11:10  Marine x2  
  128  11:14  Marine x4  
  128  11:15  Siege Tank  
  128  11:17  Marine  
  126  11:35  Missile Turret  
  126  11:36  Marauder  
  126  11:37  Missile Turret  
  121  11:44  Marine  
  121  11:46  Marine  
  119  11:48  Siege Tank, Marine  
  119  11:51  Marine  
  124  11:57  Marauder  
  126  12:02  Marine  
  126  12:03  Marine  
  126  12:06  Marine  
  126  12:08  Marine  
  127  12:19  Marauder  
  127  12:20  Siege Tank, Marine  
  127  12:21  Marine  
  131  12:23  Marine  
  131  12:26  Marine  
  133  12:35  Missile Turret  
  132  12:38  Marine  
  132  12:39  Marine x2  
  132  12:40  Orbital Command  
  132  12:41  Marine  
  127  12:44  Marine  
  126  12:52  Siege Tank  
  126  12:56  Marine  
  126  12:57  Marine  
  126  12:58  Marauder  
  133  13:02  Missile Turret  
  133  13:09  Sensor Tower  
  133  13:12  Marine x2  
  135  13:15  Marine x2  
  135  13:19  Marine  
  137  13:27  Bunker  
  137  13:30  Marine  
  137  13:33  Marine  
  130  13:48  Marine  
  113  13:50  Siege Tank  
  113  13:52  Concussive Shells  
  113  13:54  Liberator x2  
  113  13:56  Barracks  
  113  13:57  Barracks, Marine  
  113  13:58  Barracks  
  113  14:07  Marine  
  114  14:15  Marine  
  121  14:18  Barracks  
  120  14:24  Marine  
  120  14:33  Marine  
  114  14:41  Siege Tank  
  114  14:43  Marauder  
  119  14:48  Marine  
  119  14:49  Marine x3  
  119  14:51  Marine  
  118  15:04  Marine  
  118  15:06  Marine x2  
  112  15:08  Missile Turret, Marine  
  112  15:12  Marine x2  
  112  15:14  Siege Tank  
  118  15:21  Marine  
  118  15:24  Marine x2  
  118  15:26  Marine  
  113  15:30  Marine x2  
  104  15:39  Marine  
  104  15:42  Marine x2  
Show
View Real Time Build Order
Export as new Build Order

Nerchio Zerg 

Build Orders: Hatch First 

Get SALT Encoding   

  12  0:00  Drone  
  13  0:12  Overlord  
  13  0:17  Drone  
  14  0:30  Drone x2  
  14  0:34  Drone  
  17  0:52  Hatchery  
  17  0:55  Drone  
  17  0:59  Drone  
  18  1:13  Spawning Pool  
  18  1:16  Drone  
  18  1:19  Drone  
  18  1:23  Extractor  
  18  1:29  Drone  
  19  1:38  Overlord  
  19  2:00  Queen, Zergling x2  
  19  2:01  Zergling x2  
  23  2:03  Queen  
  23  2:04  Zergling x2  
  26  2:10  Drone  
  27  2:16  Drone  
  27  2:21  Drone  
  29  2:27  Roach Warren  
  29  2:28  Drone  
  29  2:37  Overlord  
  29  2:39  Overlord  
  29  2:50  Overlord  
  29  3:08  Roach x4  
  29  3:09  Roach x2  
  42  3:12  Roach  
  42  3:17  Roach  
  44  3:22  Drone x2  
  44  3:25  Drone  
  46  3:28  Drone  
  46  3:30  Drone  
  46  3:34  Drone  
  48  3:42  Drone x2  
  48  3:45  Overlord  
  48  3:47  Drone  
  51  3:49  Drone  
  51  3:53  Overlord  
  52  4:00  Ravager, Extractor  
  52  4:04  Drone x4  
  57  4:21  Hatchery  
  54  4:25  Drone x2  
  54  4:31  Drone x2  
  53  4:34  Drone x3  
  53  4:35  Queen  
  54  4:41  Drone, Extractor  
  54  4:42  Drone x2  
  56  4:46  Queen  
  56  4:51  Evolution Chamber x2  
  54  4:53  Spore Crawler  
  54  4:54  Drone  
  54  4:57  Drone  
  54  4:58  Drone  
  56  5:03  Spore Crawler, Extractor  
  56  5:05  Drone x2  
  54  5:07  Drone  
  54  5:08  Drone  
  54  5:09  Drone  
  54  5:11  Drone  
  56  5:16  Zerg Missile Weapons Level 1  
  56  5:21  Zerg Ground Armor Level 1  
  56  5:26  Drone x3  
  56  5:27  Extractor  
  58  5:30  Lair  
  58  5:34  Drone x2  
  58  5:35  Drone  
  61  5:39  Drone  
  61  5:40  Drone  
  61  5:42  Drone  
  64  5:45  Roach  
  64  5:46  Roach  
  64  5:47  Spore Crawler  
  64  5:49  Roach  
  69  5:52  Overlord  
  69  5:55  Overlord  
  69  6:02  Drone x5  
  71  6:06  Overlord  
  71  6:08  Overlord  
  69  6:17  Drone x5  
  70  6:28  Glial Reconstitution  
  70  6:30  Drone x2, Overseer  
  70  6:31  Drone x3  
  74  6:34  Roach x2  
  74  6:37  Roach  
  74  6:38  Roach  
  82  6:40  Roach  
  82  6:42  Roach  
  82  6:44  Roach  
  86  6:50  Roach x3  
  86  6:52  Roach  
  94  6:55  Overlord  
  94  6:56  Extractor  
  94  6:58  Overlord  
  92  7:03  Overlord  
  92  7:06  Roach  
  92  7:07  Roach x2  
  98  7:09  Overlord  
  98  7:12  Overlord  
  98  7:15  Roach  
  100  7:16  Roach  
  100  7:21  Zerg Missile Weapons Level 2  
  100  7:22  Roach  
  104  7:25  Ravager x5  
  104  7:26  Roach  
  104  7:28  Roach  
  113  7:30  Roach  
  113  7:32  Roach  
  113  7:34  Roach  
  113  7:36  Roach  
  121  7:39  Roach  
  121  7:43  Roach x3  
  129  7:49  Overlord x2  
  129  7:52  Overlord  
  129  7:54  Overlord  
  129  7:56  Overlord  
  129  8:01  Overlord  
  129  8:07  Overlord x2  
  129  8:13  Roach x4  
  129  8:14  Roach  
  129  8:15  Roach  
  141  8:20  Roach  
  141  8:21  Roach  
  141  8:23  Roach  
  141  8:24  Roach  
  145  8:28  Drone  
  145  8:30  Zerg Ground Armor Level 2  
  136  8:42  Roach x3  
  136  8:44  Roach  
  136  8:45  Roach x4  
  136  8:46  Roach  
  134  8:50  Roach  
  132  8:58  Roach x2  
  132  9:01  Ravager x2  
  132  9:02  Ravager x2  
  140  9:05  Roach x2  
  140  9:07  Roach  
  138  9:12  Roach, Queen  
  138  9:15  Ravager x3  
  138  9:16  Ravager, Roach  
  148  9:18  Roach  
  148  9:19  Hatchery  
  148  9:21  Roach x2  
  148  9:22  Roach  
  148  9:23  Roach  
  157  9:26  Roach  
  157  9:27  Roach  
  157  9:30  Overlord  
  161  9:33  Ravager  
  161  9:37  Overlord x2  
  162  9:39  Overlord  
  162  9:43  Overlord  
  162  9:49  Roach x3  
  168  9:54  Roach  
  168  9:55  Roach  
  168  9:59  Roach  
  174  10:00  Roach x3  
  174  10:02  Ravager  
  174  10:03  Tunneling Claws  
  175  10:09  Roach  
  164  10:16  Roach x4  
  164  10:19  Roach x2  
  176  10:21  Roach  
  176  10:30  Roach  
  176  10:32  Roach  
  176  10:34  Roach x2  
  176  10:35  Roach x3  
  179  10:37  Roach  
  179  10:38  Roach  
  179  10:40  Roach  
  167  10:44  Roach x2  
  167  10:49  Roach  
  164  10:50  Roach  
  164  10:55  Roach  
  166  10:57  Roach  
  166  11:02  Roach  
  166  11:03  Roach x2  
  162  11:06  Roach  
  162  11:09  Roach  
  166  11:14  Ravager  
  166  11:15  Ravager, Roach  
  170  11:22  Roach  
  172  11:27  Roach  
  172  11:28  Roach  
  172  11:30  Ravager  
  175  11:33  Roach  
  175  11:37  Roach  
  165  11:43  Roach x3  
  165  11:46  Roach  
  161  11:48  Ravager x2  
  161  11:53  Roach  
  149  12:02  Roach x2  
  153  12:12  Roach  
  153  12:13  Roach x3  
  161  12:18  Roach  
  161  12:19  Roach  
  165  12:24  Roach  
  165  12:27  Burrow  
  165  12:28  Roach  
  171  12:33  Roach  
  156  12:47  Roach x2  
  156  12:48  Roach  
  156  12:50  Roach x3  
  160  12:54  Infestation Pit  
  160  12:57  Roach x2  
  163  13:01  Roach  
  163  13:03  Roach  
  167  13:07  Roach  
  167  13:11  Roach x2  
  173  13:15  Roach  
  173  13:18  Roach  
  170  13:21  Roach  
  170  13:24  Roach  
  174  13:29  Roach  
  129  13:43  Roach  
  129  13:45  Roach x5  
  129  13:48  Roach  
  116  13:52  Roach  
  116  13:55  Roach x3  
  117  13:58  Roach  
  119  14:04  Roach  
  119  14:08  Ravager  
  119  14:09  Roach x4  
  118  14:12  Roach  
  118  14:15  Roach  
  122  14:21  Roach  
  124  14:26  Roach  
  124  14:29  Roach  
  125  14:34  Roach  
  119  14:40  Roach  
  119  14:42  Roach  
  123  14:48  Roach  
  123  14:50  Roach  
  119  14:57  Roach  
  109  15:00  Roach x11  
  109  15:02  Roach  
  98  15:07  Roach  
  98  15:11  Roach  
  102  15:16  Roach  
  102  15:25  Roach  
  97  15:33  Roach  
  81  15:43  Ravager  
Tags
 
Add a new tag
Caveats
  • Supply blocks, unpowered buildings, or Contaminate may cause inaccurate times.
  • Supply counts are checked every 10 seconds.